 Dungeon Crawl Stone Soup version 0.17.0-24-gcfadda4 (webtiles) character file.

17 HungrySpirit the Caller (level 2, 0/17 HPs)
             Began as a Gargoyle Summoner on Nov 17, 2015.
             Slain by a jackal (3 damage)
             ... on level 1 of the Dungeon.
             The game lasted 00:01:47 (793 turns).

HungrySpirit the Caller (Gargoyle Summoner)          Turns: 793, Time: 00:01:47

Health: 0/17       AC:  4    Str: 11    XL:     2   Next: 62%
Magic:  4/5        EV: 12    Int: 15    God:
Gold:   17         SH:  0    Dex: 10    Spells: 1 memorised, 4 levels left

rFire  . . .     SeeInvis .     j - +0 short sword
rCold  . . .     Clarity  .     a - +0 robe
rNeg   + + .     SustAt   .     (no shield)
rPois  ∞         Gourm    .     (no helmet)
rElec  +         Spirit   .     (no cloak)
rCorr  .         Warding  .     (no gloves)
rMut   .         Stasis   .     (no boots)
MR     .....                    (no amulet)
Stlth  ++........               (no ring)
                                f - ring of positive energy

@: not resistant to hostile enchantments, unstealthy
A: negative energy resistance 1, electricity resistance, unbreathing,
petrification resistance, rot immunity, AC +2
a: no special abilities


You were on level 1 of the Dungeon.
You were not hungry.

You visited 1 branch of the dungeon, and saw 1 of its levels.

You collected 17 gold pieces.

Inventory:

Hand Weapons
 d - a +0 dagger
 j - a +0 short sword (weapon)
Missiles
 g - 3 tomahawks (quivered)
 h - a throwing net
Armour
 a - a +0 robe (worn)
 i - a +0 ring mail
Jewellery
 f - a ring of positive energy (left hand)
Scrolls
 k - a scroll of amnesia {unknown}
Potions
 e - a potion of curing {unknown}
Books
 b - a book of Callings

   Spells                             Type                      Level
   a - Summon Small Mammal            Summoning                    1
   b - Call Imp                       Summoning                    2
   c - Call Canine Familiar           Summoning                    3
   d - Summon Guardian Golem          Hexes/Summoning              3
   e - Summon Lightning Spire         Summoning/Air                4
   f - Summon Ice Beast               Ice/Summoning                4
Comestibles
 c - 3 bread rations


   Skills:
 + Level 1.6 Fighting
 + Level 1.4 Armour
 - Level 1.5 Dodging
 - Level 2.1 Stealth
 - Level 2.0 Spellcasting
 - Level 3.6 Summonings


You had 4 spell levels left.
You knew the following spells:

 Your Spells              Type           Power        Failure   Level  Hunger
a - Summon Small Mammal   Summ           ##..         6%          1    #......


Dungeon Overview and Level Annotations

Branches:
Dungeon (1/15)

Altars:


Innate Abilities, Weirdness & Mutations

You are resistant to torment.
Your stone body is resilient (AC +2).
You are immune to poison.
You resist negative energy.
You are resistant to electric shocks.
You can survive without breathing.
You are immune to petrification.
You are immune to rotting.


Message History

You barely miss the jackal.
The jackal is severely wounded.
The jackal bites you.
* * * LOW HITPOINT WARNING * * *
The jackal misses you. x2
You hit the jackal.
The jackal is almost dead.
The jackal bites your rat.
Your rat dies!
Your rat's corpse disappears in a puff of smoke!
The jackal closely misses you.
You barely miss the jackal.
The jackal is almost dead.
The jackal bites you but does no damage.
The jackal closely misses you. The jackal barely misses you.
The jackal completely misses you.
You closely miss the jackal.
The jackal is almost dead.
The jackal bites you.
You die...

#...........###..# .#
###..........###.# #.#
...#########...#.## #.#
.8.#### ##.....## #.#
...≈≈≈# ##.....###.##
..≈≈§≈# ##......#..#
<.§≈§[# ##K.....#.#########
..§≈≈≈# #h#..#...........#
...≈≈≈# #@#......†........
.8.####
###hh.†............. ...#
######..............>....
#.##
###........#...............
..#
#...†.###.##...............
#.# ##.##.##
###................
#.####.....#
#....>...........
.......#####
#................ #.###..#
#####.....#.....#


You could see 3 jackals and a kobold.

Vanquished Creatures
  2 giant geckos (D:1)
  A bat (D:1)
  A hobgoblin (D:1)
  A jackal (D:1)
  A kobold (D:1)
  A giant newt (D:1)
  A rat (D:1)
8 creatures vanquished.

Vanquished Creatures (collateral kills)
  A giant gecko (D:1)
  A hobgoblin (D:1)
  A jackal (D:1)
  A giant newt (D:1)
  A goblin (D:1)
  A rat (D:1)
6 creatures vanquished.

Grand Total: 14 creatures vanquished

Notes
Turn   | Place    | Note
--------------------------------------------------------------
     0 | D:1      | HungrySpirit the Gargoyle Summoner began the quest for the Orb.
     0 | D:1      | Reached XP level 1. HP: 10/10 MP: 3/3
   374 | D:1      | Reached skill level 1 in Fighting
   374 | D:1      | Reached XP level 2. HP: 6/16 MP: 5/5
   591 | D:1      | Reached skill level 1 in Armour
   793 | D:1      | Slain by a jackal

Action                   || total
-------------------------++-------
Melee: Dagger            ||    29
       Short sword       ||    25
Throw: Tomahawk          ||     3
 Cast: Summon Small Mamm ||     7
 Stab: Sleeping          ||     1
